 Dungeon Crawl Stone Soup version 0.20-a0-1122-gb7cbeb9 (webtiles) character file.

72 Naow the Shield-Bearer (level 4, -1/35 HPs)
             Began as a Formicid Fighter on May 15, 2017.
             Was an Initiate of Okawaru.
             Slain by a gnoll (3 damage)
             ... on level 3 of the Dungeon.
             The game lasted 00:02:22 (1673 turns).

Naow the Shield-Bearer (Formicid Fighter)           Turns: 1673, Time: 00:02:22

Health: -1/35      AC:  6    Str: 21    XL:     4   Next: 48%
Magic:  4/4        EV:  8    Int:  8    God:    Okawaru [......]
Gold:   83         SH:  9    Dex: 10    Spells: 3/3 levels left

rFire    . . .     SeeInvis +   a - +0 war axe
rCold    . . .     Gourm    .   c - +0 shield
rNeg     . . .     Faith    .   b - +0 scale mail
rPois    .         Spirit   .   (helmet unavailable)
rElec    .         Reflect  .   (no cloak)
rCorr    .         Harm     .   (no gloves)
MR       .....                  (no boots)
Stlth    ..........             (no amulet)
Regen    0.2/turn               (no ring)
MPRegen  0.1/turn               (no ring)

@: no status effects
A: permanent stasis, dig shafts and tunnels, four strong arms, antennae 3
a: Dig, Shaft Self, Renounce Religion


You were on level 3 of the Dungeon.
You worshipped Okawaru.
Okawaru was noncommittal.
You were not hungry.

You visited 1 branch of the dungeon, and saw 4 of its levels.

You collected 83 gold pieces.

Inventory:

Hand Weapons
 a - a +0 war axe (weapon)
Armour
 b - a +0 scale mail (worn)
 c - a +0 shield (worn)
Jewellery
 h - a +4 ring of protection {unknown}
 l - a +3 ring of intelligence {unknown}
 p - an uncursed ring of wizardry {unknown}
 q - a +4 ring of intelligence {unknown}
Scrolls
 e - 3 scrolls of enchant weapon {unknown}
 g - a scroll of magic mapping {unknown}
 j - 3 scrolls of identify {unknown}
 k - a scroll of enchant armour {unknown}
 n - a scroll of remove curse {unknown}
 r - a scroll of immolation {unknown}
 t - a scroll of recharging {unknown}
 u - a scroll of teleportation {unknown}
Potions
 d - 2 potions of might
 i - a potion of heal wounds {unknown}
 s - a potion of curing {unknown}
Comestibles
 f - 3 bread rations
 m - a chunk of flesh
 o - a meat ration


   Skills:
 - Level 3.2 Fighting
 * Level 3.8 Axes
 - Level 3.2 Armour
 + Level 4.4 Shields


You had 3 spell levels left.
You didn't know any spells.

Dungeon Overview and Level Annotations

Branches:
Dungeon (4/15)
 Temple: D:4-7

Altars:
Okawaru


Innate Abilities, Weirdness & Mutations

You cannot be hasted, slowed, berserked, paralysed or teleported.
You can dig through walls and to a lower floor.
Your four strong arms can wield two-handed weapons with a shield.
You have a pair of large antennae on your head. (SInv)


Message History

You barely miss the gnoll.
The gnoll is severely wounded.
You barely miss the gnoll. The gnoll hits you but does no damage.
You block the gnoll's attack.
You slash the gnoll!
You kill the gnoll!
Okawaru accepts your kill.
You barely miss the gnoll. You block the gnoll's attack.
You closely miss the gnoll.
The gnoll is severely wounded.
The gnoll barely misses you. You block the gnoll's attack.
Some of the chunks of flesh in your inventory have rotted away.
You barely miss the gnoll.
The gnoll is heavily wounded.
The gnoll hits you.
* * * LOW HITPOINT WARNING * * *
Your shield and scale mail prevent you from hitting the gnoll.
The gnoll is heavily wounded.
The gnoll hits you.
You die...

##### #... # #######.#
...##...##..# #########
........)...### #........
........g@#...####........
........).###.............
..........# #####.........
..........# ##........
.........## #........
...#..#..# #........
.###.##.## ####.#### #.
..# #..# #.##


You could see a gnoll.

Vanquished Creatures
  2 gnolls
  2 adders (D:2)
  A worm (D:3)
  A leopard gecko (D:2)
  3 giant cockroaches
  6 hobgoblins
  A quokka (D:2)
  2 bats (D:2)
  2 frilled lizards (D:2)
  5 goblins
  2 kobolds
  4 rats
31 creatures vanquished.

Notes
Turn   | Place    | Note
-------+----------+-------------------------------------------
     0 | D:1      | Naow the Formicid Fighter began the quest for the Orb.
     0 | D:1      | Reached XP level 1. HP: 18/18 MP: 1/1
   252 | D:1      | Reached XP level 2. HP: 18/24 MP: 2/2
   633 | D:2      | Reached skill level 4 in Shields
   806 | D:2      | Reached XP level 3. HP: 24/29 MP: 3/3
   904 | D:2      | Found an iron altar of Okawaru.
   926 | D:2      | Became a worshipper of Warmaster Okawaru
  1444 | D:3      | Reached XP level 4. HP: 30/35 MP: 4/4
  1673 | D:3      | Slain by a gnoll

Vault maps used:
D:1:      grunt_arrival_crossed_arrows
D:2:      okawaru_trees_2

Skill      XL: |  1  2 |
---------------+-------+-----
Shields        | 4 |  4.4
Axes           | 3 |  3.8
Fighting       | |  3.2
Armour         | |  3.2

Action                   |  1- 3 |  4- 6 || total
-------------------------+-------+-------++-------
Melee: War axe           |   113 |    12 ||   125
  Eat: Chunk             |     2 |     1 ||     3
Armor: Scale mail        |    49 |     3 ||    52
Dodge: Dodged            |    29 |     9 ||    38
Block: Shield            |    74 |     6 ||    80
